 Dungeon Crawl Stone Soup version 0.31.0-11-ge490571c62 (webtiles) character file.

Game seed: 7434608861184648306

480997 Implojin the Tortoise (level 21, -3/191 HPs)
             Began as an Armataur Conjurer on Jan 31, 2024.
             Was the Champion of Vehumet.
             Killed from afar by a white draconian stormcaller (30 damage)
             ... on level 1 of the Realm of Zot.
             The game lasted 04:11:40 (18054 turns).

Implojin the Tortoise (Armataur Conjurer)          Turns: 18054, Time: 04:11:41

Health: -3/191     AC: 30    Str: 18    XL:     21   Next: 34%
Magic:  46/46      EV:  7    Int: 30    God:    Vehumet [******]
Gold:   92         SH: 18    Dex: 18    Spells: 3/44 levels left

rFire   + + .        Y - staff of conjuration
rCold   + + +        k - +0 tower shield {AC+3}
rNeg    . . .        u - +3 leather armour {rF+}
rPois   .            G - +1 helmet of Squeaky Curiosity {Will+ Int+3}
rElec   .            L - scarf {rC+ rF+}
rCorr   .            C - +2 pair of gloves
SInv    .            q - +3 barding {rC+}
Will    ++...        h - amulet "Agheup" {Fly Regen+ Dex+6}
Stlth   ++           P - ring "Vedum" {Wiz rC++ Str+3 Dex+3}
HPRegen 5.86/turn    B - ring of magical power
MPRegen 2.61/turn

%: roll, wizardry (x1)
@: flying
A: large, deformed body, tough skin 3, armoured tail, roll 2
}: 5/15 runes: decaying, serpentine, slimy, silver, abyssal
a: Renounce Religion


You were on level 1 of the Realm of Zot.
You worshipped Vehumet.
Vehumet was exalted by your worship.
You visited 10 branches of the dungeon, and saw 46 of its levels.
You visited the Abyss 1 time.
You visited 1 bazaar.
You also visited: Gauntlet and Volcano.

You collected 4072 gold pieces.
You spent 3980 gold pieces at shops.

Inventory:

Hand Weapons
 a - the +7 Spriggan's Knife {stab, EV+4 Stlth+}
   (You found it on level 5 of the Pits of Slime)

   Stab:      It is more effective when stabbing unaware enemies, sometimes
   treating them as though they were completely helpless.
   EV+4:      It affects your evasion (+4).
   Stlth+:    It makes you more stealthy.
 z - a +9 dagger of distortion
Missiles
 m - a throwing net
 K - 3 curare-tipped darts
Armour
 e - a +2 kite shield of poison resistance
 k - a +0 tower shield of protection (worn)
 p - the +7 chain mail of Refuge {Str+3}
   (You bought it in a shop in a bazaar)

   Str+3:     It affects your strength (+3).
 q - a +3 barding of cold resistance (worn)
 u - a +3 leather armour of fire resistance (worn)
 v - +0 pearl dragon scales
 C - a +2 pair of gloves (worn)
 F - a +1 ring mail of willpower
 G - the +1 helmet of Squeaky Curiosity (worn) {Will+ Int+3}
   (You found it in a Gauntlet)

   Int+3:     It affects your intelligence (+3).
   Will+:     It increases your willpower.
 L - a scarf of resistance (worn)
 M - +0 storm dragon scales
 O - +0 swamp dragon scales
 X - a +2 ring mail of fire resistance
Magical Staves
 d - the staff of Viny Responsibility {rPois rF+ Int+4 Fire}
   (You took it off a minotaur in a Gauntlet)

   [staff of fire]

   Base accuracy: +5 Base damage: 5 Base attack delay: 1.2 This weapon's minimum
   attack delay (0.6) is reached at skill level 12.
   Int+4:     It affects your intelligence (+4).
   rF+:       It protects you from fire.
   rPois:     It protects you from poison Fire: It increases the power of your
   Fire spells.
   It falls into the 'Staves' category.
   It is a one-handed weapon.
 o - the staff "Umuhasch" {Int+8 Earth}
   (You found it on level 5 of the Vaults)

   [staff of earth]

   Base accuracy: +5 Base damage: 5 Base attack delay: 1.2 This weapon's minimum
   attack delay (0.6) is reached at skill level 12.
   Int+8:     It affects your intelligence (+8).
   Earth:     It increases the power of your Earth spells.
   It falls into the 'Staves' category.
   It is a one-handed weapon.
 r - the staff "Pyco" {rElec rC+ Air}
   (You found it on level 5 of the Vaults)

   [staff of air]

   Base accuracy: +5 Base damage: 5 Base attack delay: 1.2 This weapon's minimum
   attack delay (0.6) is reached at skill level 12.
   rC+:       It protects you from cold.
   rElec:     It insulates you from electricity.
   Air:       It increases the power of your Air spells.
   It falls into the 'Staves' category.
   It is a one-handed weapon.
 Y - a staff of conjuration (weapon)
Jewellery
 f - a ring of protection from fire
 g - a ring of poison resistance
 h - the amulet "Agheup" (around neck) {Fly Regen+ Dex+6}
   (You acquired it on level 5 of the Vaults)

   [amulet of regeneration]

   Dex+6:     It affects your dexterity (+6).
   Fly:       It grants you flight.
   Regen+:    It increases your rate of health regeneration.
 l - a ring of wizardry
 t - an amulet of reflection
 w - a ring of fire
 B - a ring of magical power (right hand)
 I - a ring of see invisible
 N - a +6 ring of strength
 P - the ring "Vedum" (left hand) {Wiz rC++ Str+3 Dex+3}
   (You found it on level 5 of the Pits of Slime)

   [ring of wizardry]

   Wiz:       It improves your spell success rate.
   Str+3:     It affects your strength (+3).
   Dex+3:     It affects your dexterity (+3).
   rC++:      It greatly protects you from cold.
 V - a +5 ring of evasion
Wands
 Q - a wand of quicksilver (8)
 W - a wand of digging (8)
Scrolls
 i - 7 scrolls of vulnerability
 s - a scroll of fear
 x - 8 scrolls of fog
 A - a scroll of silence
 D - 3 scrolls of teleportation
 J - a scroll of immolation
Potions
 b - a potion of heal wounds
 c - 2 potions of magic
 j - 4 potions of brilliance
 n - 6 potions of mutation
 y - 5 potions of might
 E - 5 potions of curing
 H - 5 potions of resistance
 R - 2 potions of haste
 T - 3 potions of enlightenment
 U - a potion of cancellation
 Z - a potion of invisibility
Miscellaneous
 S - a phial of floods


   Skills:
 - Level 17.0 Fighting
 - Level 4.0 Short Blades
 - Level 18.8 Armour
 - Level 3.5 Dodging
 - Level 2.1 Stealth
 - Level 12.0 Shields
 - Level 12.0 Spellcasting
 * Level 18.4 Conjurations
 - Level 10.0 Translocations
 - Level 8.0 Fire Magic
 - Level 11.0 Earth Magic
 - Level 4.0 Evocations


You had 3 spell levels left.
You knew the following spells:

 Your Spells              Type           Power      Damage    Failure   Level
a - Magic Dart            Conj           100%       1d8       0%          1
b - Starburst             Conj/Fire      49%        6d13      1%          6
c - Iskenderun's Mystic   Conj/Tloc      100%       2d19      1%          4
d - Fulminant Prism       Conj/Alch      41%        3d19      1%          4
e - Conjure Ball Lightni  Conj/Air       41%        3x3d13    4%          6
f - Orb of Destruction    Conj           57%        9d14      1%          7
g - Lehudib's Crystal Sp  Conj/Erth      51%        10d12     19%         8
x - Iskenderun's Battles  Conj           100%       2d15      1%          5

Your spell library contained the following spells:

 Spells                   Type           Power      Damage    Failure   Level
 Shatter                  Erth           35%        3d28*     99%         9
 Searing Ray              Conj           100%       2d8       0%          2
 Foxfire                  Conj/Fire      100%       2x1d9     1%          1
 Freeze                   Ice            72%        1d8       1%          1
 Kiss of Death            Conj/Necr      100%       2d13      1%          1
 Sandblast                Erth           100%       2d20      1%          1
 Blink                    Tloc           100%       N/A       1%          2
 Dazzling Flash           Conj/Hex       100%       N/A       1%          3
 Hailstorm                Conj/Ice       83%        3d14      1%          3
 Inner Flame              Hex/Fire       42%        N/A       1%          3
 Mephitic Cloud           Conj/Alch/Air  70%        N/A       1%          3
 Passwall                 Erth           71%        N/A       1%          3
 Stone Arrow              Conj/Erth      100%       3d13      1%          3
 Volatile Blastmotes      Fire/Tloc      100%       2d18      1%          3
 Frozen Ramparts          Ice            36%        1d6       4%          3
 Slow                     Hex            72%        N/A       5%          1
 Summon Small Mammal      Summ           72%        N/A       5%          1
 Call Imp                 Summ           36%        N/A       8%          2
 Ensorcelled Hibernation  Hex/Ice        36%        N/A       8%          2
 Call Canine Familiar     Summ           18%        N/A       16%         3
 Fugue of the Fallen      Necr           18%        N/A       16%         3
 Ozocubu's Armour         Ice            18%        N/A       16%         3
 Sigil of Binding         Hex            18%        N/A       16%         3
 Swiftness                Air            18%        N/A       16%         3
 Tukima's Dance           Hex            18%        N/A       16%         3
 Brom's Barrelling Bould  Conj/Erth      100%       2d11      1%          4
 Flame Wave               Conj/Fire      98%        2d20      1%          4
 Manifold Assault         Tloc           67%        N/A       1%          4
 Passage of Golubria      Tloc           67%        N/A       1%          4
 Arcjolt                  Conj/Air       41%        1d51      1%          5
 Fireball                 Conj/Fire      49%        3d19      1%          5
 Sticky Flame             Fire/Alch      42%        2d8       2%          4
 Dimensional Bullseye     Hex/Tloc       24%        N/A       6%          4
 Vhi's Electric Charge    Tloc/Air       96%        N/A       6%          4
 Summon Blazeheart Golem  Fire/Summ      42%        N/A       10%         4
 Spellforged Servitor     Conj/Summ      41%        N/A       22%         7
 Yara's Violent Unravell  Hex/Alch       9%         3d6       30%         5
 Plasma Beam              Fire/Air       21%        2x1d33    32%         6
 Curse of Agony           Necr           18%        N/A       77%         5
 Silence                  Hex/Air        9%         N/A       77%         5
 Sculpt Simulacrum        Ice/Alch       9%         N/A       99%         6
 Ozocubu's Refrigeration  Ice            9%         4d9       99%         7
 Disjunction              Tloc           33%        N/A       99%         8
 Maxwell's Capacitive Co  Air            9%         ∞         99%         8
 Polar Vortex             Ice            9%         12d1*     99%         9
 Haunt                    Necr/Summ      9%         N/A       100%        7
 Borgnjor's Revivificati  Necr           9%         N/A       100%        8
 Discord                  Hex            9%         N/A       100%        8
 Death's Door             Necr           9%         N/A       100%        9
 Dragon's Call            Summ           9%         N/A       100%        9


Dungeon Overview and Level Annotations

Branches:
Dungeon (15/15)            Temple (1/1) D:5            Lair (5/5) D:11
  Swamp (4/4) Lair:2        Snake (4/4) Lair:2        Slime (5/5) Lair:5
    Orc (2/2) D:11            Elf (0/3) Orc:2        Vaults (5/5) D:13
 Depths (4/4) D:15            Zot (1/5) Depths:4    Volcano (visited)
Gauntlet (visited)
  Crypt: Vaults:2-3

Altars:
Ashenzari
Cheibriados
Dithmenos
Elyvilon
Fedhas
Makhleb
Nemelex Xobeh
Qazlal
Ru
Sif Muna
Trog
Uskayaw
Vehumet
Wu Jian
Yredelemnul
Zin
The Shining One

Shops:
D:14 [   Orc:2 (*[:   Snake:3 ?   Vaults:3 [   Vaults:5 *   Depths:4 :=:

Portals:
Hell: Depths:1
Ziggurat: Depths:4
Trove: D:13 (give +4 shadow dragon scales)

Annotations:
D:3 Ijyb
D:8 Erica
D:9 exclusions: centaur warrior and downstairs
D:14 !nessos near stairs care
D:15 exclusion: upstairs
Snake:1 1 runed translucent door, exclusion: door, AutarchDCSS's ghost, adept HOFi
Orc:1 2 transporters, blexxed's ghost, journeyman DsFi


Innate Abilities, Weirdness & Mutations

Armour fits poorly on your strangely shaped body.
You have extremely tough skin. (AC +3)
You have a long armoured tail.
You regenerate magic and health when rolling toward enemies. (Rampage Regen)


Message History

A shard of ice appears from out of thin air!
The shard of ice hits you! You partially resist.
The purple draconian shifter casts a spell at you.
You blink.
You can't see any susceptible monsters within range! (Use Z to cast anyway.) Unknown command.
As you read the scroll of fear, it crumbles to dust.
You assume a fearsome visage.
The purple draconian shifter looks frightened!
The red draconian scorcher looks frightened!
The red draconian looks frightened!
The moth of wrath resists with some effort.
You hear some strange, mumbled words.
A bolt of cold appears from out of thin air!
The bolt of cold hits you. You resist.
The purple draconian shifter casts a spell at you.
You blink.
A bolt of lightning appears from out of thin air!
The bolt of lightning hits you!!
Danger: Low HP Warning |T3| Reason: 30% HP (58/191) Cornered, the purple draconian shifter turns to fight!
The purple draconian shifter casts a spell at you.
You blink.
A white draconian stormcaller, a white draconian, a red draconian and a black draconian come into view.
The black draconian is wielding a +0 vampiric battleaxe.
Unknown command.
The black draconian roars!
The red draconian scorcher seems to regain its courage.
The red draconian scorcher breathes fire at you.
The searing blast hits you. You resist.
Danger: Low HP Warning |T3| Reason: 32% HP (63/191)
You roll towards the red draconian scorcher!
You hit the red draconian scorcher.
You blast the red draconian scorcher!
The red draconian scorcher is severely wounded.
A bolt of lightning appears from out of thin air!
The bolt of lightning hits you!!!
The red draconian scorcher hits you with a +0 long sword!
The white draconian stormcaller mumbles some strange prayers to Qazlal against you.
The blast of magma engulfs you!! You partially resist.
You die...

##.....[(.)..##
##..§).........##
#...............##
#.................##
#..$......{[........##
#...$.................##
..............y........##
$..............≈q........
.....q..d.......@........
.............≈....~~~.
...........#.....~~#~~
..........##§..~~###d
.y........###..d#####
........[.# #..~d###~ .
##..~~#~~ #..~q~. #.....


You could see a black draconian, a red draconian, a white draconian stormcaller,
a red draconian scorcher (catching breath) and a moth of wrath.

Vanquished Creatures
  the Royal Jelly (Slime:5)
  A dread lich (Vaults:5)
  A juggernaut (Depths:4)
  the Lernaean hydra (Swamp:4)
  Bai Suzhen (Vaults:2)
  A golden dragon (Vaults:5)
  A pearl dragon (Abyss:3)
  A bone dragon (Abyss:3)
  A hellephant (Abyss:3)
  Mlioglotl (Swamp:4)
  Jorgrun (D:13)
  A walking crystal tome (Abyss:4)
  A Hell Sentinel (Abyss:3)
  A lich (Depths:4)
  6 tentacled monstrosities
  2 titans (Vaults:5)
  A quicksilver dragon (Zot:1)
  3 sphinxes
  16 acid blobs
  5 tentacled starspawn
  2 storm dragons
  Frances (Swamp:1)
  2 death cobs (Zot:1)
  3 shadow dragons (Vaults:5)
  4 tengu reavers
  Donald (Vaults:2)
  Aizul (Snake:4)
  4 azure jellies (Slime:5)
  7 rockslimes (Slime:5)
  2 protean progenitors (Depths:4)
  The ghost of Vochiuc the Eclecticist, an adept DEFE of Vehumet (D:15)
  2 fire giants (Vaults:5)
  A draconian monk (Zot:1)
  2 frost giants
  2 deep elf sorcerers (Vaults:5)
  A draconian shifter (Depths:4)
  3 ghouls (Swamp:3)
  10 vault wardens
  A reaper (Abyss:3)
  5 nagarajas (Snake:4)
  An orc warlord (Orc:2)
  10 quicksilver oozes (Slime:5)
  10 ironbound preservers
  15 stone giants
  4 formless jellyfish (Slime:5)
  Nessos (D:14)
  2 ironbound thunderhulks
  A green draconian (Depths:4)
  3 eleionomae
  11 very ugly things
  A lorocyproca (Abyss:2)
  29 starcursed masses
  2 minotaurs
  3 purple draconians
  4 war gargoyles
  A dire elephant (Vaults:4)
  A green death (Abyss:3)
  2 deep elf high priests (Vaults:5)
  A crystal guardian (Vaults:4)
  The ghost of ggggg the Mimic, a journeyman TrSh of Wu Jian (D:11)
  A shambling mangrove (Swamp:2)
  16 yaktaur captains
  9 ettins
  2 entropy weavers
  2 ice dragons
  2 peacekeepers
  5 great orbs of eyes
  A sphinx zombie (D:15)
  16 hydras
  28 vault guards
  An alligator (Swamp:1)
  4 ghost crabs
  An ogre mage (Orc:1)
  A salamander tyrant (Snake:4)
  2 radroaches (Depths:4)
  4 boulder beetles
  A merfolk avatar (Lair:5)
  3 centaur warriors
  6 anacondas
  6 ironbound frosthearts
  A radroach (shapeshifter) (Vaults:5)
  6 two-headed ogres
  2 tengu warriors
  3 vampire magi
  18 naga warriors
  3 death yaks (Lair:4)
  4 thrashing horrors
  7 naga sharpshooters
  A spriggan berserker (Depths:4)
  2 deep troll earth magi (Depths:4)
  Urug (D:12)
  2 orc high priests (Orc:2)
  7 shock serpents
  A hell knight (Volcano)
  A skyshark (Lair:5)
  A spark wasp zombie (D:15)
  A fire crab (Gauntlet)
  2 goliath frogs (Swamp:1)
  Lodul (D:10)
  An iron troll (Depths:4)
  2 skeletal warriors (D:15)
  An orb spider (shapeshifter) (Vaults:5)
  4 salamander mystics
  4 wretched stars (Abyss:3)
  2 sea snakes (Lair:5)
  10 swamp dragons (Swamp:4)
  2 glowing orange brains
  An orb spider (Abyss:2)
  3 spriggan druids
  A spatial maelstrom (Abyss:3)
  36 deep trolls
  3 deep elf pyromancers
  2 arcanists (Vaults:4)
  4 bog bodies
  An obsidian statue (Volcano)
  8 harpies
  5 phantasmal warriors
  2 mana vipers (Snake:1)
  8 ironbound convokers
  4 orc knights
  8 lindwurms
  An oklob plant (Lair:5)
  6 orc sorcerers (Orc:2)
  2 necromancers
  A shining eye (Slime:5)
  26 ugly things
  3 cyclopes
  3 will-o-the-wisps
  7 manticores
  A worldbinder (Abyss:2)
  2 moths of wrath
  A shining eye (shapeshifter) (Vaults:5)
  9 salamanders
  4 elephants
  12 naga magi
  9 vault sentinels
  13 black mambas
  8 smoke demons
  2 gargoyles
  2 orange demons
  6 guardian serpents
  An eye of devastation (Slime:2)
  11 large abominations
  5 rime drakes
  3 unseen horrors
  5 cane toads
  2 kobold demonologists
  A hellion (Abyss:3)
  Psyche (D:8)
  8 komodo dragons
  25 yaktaurs
  A tengu conjurer (D:12)
  A tormentor (Abyss:3)
  2 ice devils
  2 ancient zymes
  A queen bee (Gauntlet)
  5 trolls
  4 polar bears
  3 wind drakes (Lair:5)
  6 hornets
  6 dream sheep (Lair:5)
  A raiju (Abyss:3)
  An ettin zombie (Abyss:3)
  A tarantella (shapeshifter) (D:14)
  3 wolf spider simulacra
  2 hellwings (Abyss:3)
  A snapping turtle (Lair:5)
  7 tyrant leeches
  26 blink frogs
  35 slime creatures
  4 centaur simulacra (D:15)
  A culicivora (shapeshifter) (Vaults:5)
  12 spriggans
  A ynoxinul (Abyss:2)
  A spriggan skeleton (D:15)
  2 wraiths
  6 wyverns
  A water elemental (D:13)
  3 shadows
  53 yaks
  A human (Bazaar)
  6 fire bats
  A fire elemental (Depths:2)
  6 golden eyes
  2 wargs
  2 neqoxecs (Abyss:3)
  A steam dragon (D:8)
  4 basilisks
  2 redbacks (shapeshifter) (Vaults:5)
  2 redbacks (Vaults:2)
  4 chaos spawn (Abyss:3)
  Menkaure (D:5)
  16 vampire mosquitoes
  43 nagas
  14 swamp worms
  A harpy simulacrum (Abyss:3)
  11 water moccasins
  An acid dragon (D:11)
  4 hell hounds (Volcano)
  29 orc warriors
  6 swamp drakes
  An ice beast (D:5)
  2 small abominations (Abyss:2)
  10 laughing skulls
  5 wolves
  12 ogres
  A boggart (Vaults:1)
  8 centaurs
  2 kobold brigands
  9 bullfrogs
  A necrophage (Swamp:3)
  A gnoll sergeant (D:9)
  5 wights
  10 killer bees
  2 electric eels (D:13)
  6 howler monkeys
  A bombardier beetle (D:8)
  5 lava snakes (Volcano)
  A hound (D:4)
  38 orc priests
  A jelly (D:6)
  2 iron imps
  4 iguanas
  50 orc wizards
  7 hell rats (Lair:1)
  9 gnolls
  3 adders
  A shadow imp (D:4)
  A white imp (Abyss:3)
  3 ufetubi
  2 dart slugs
  6 ribbon worms
  99 orcs
  5 ball pythons
  10 endoplasms
  A giant cockroach (D:4)
  9 goblins
  9 hobgoblins
  2 quokkas (D:1)
  2 bats
  A frilled lizard (D:1)
  13 kobolds
  3 rats
  A lurking horror (Abyss:3)
  6 starspawn tentacles
1391 creatures vanquished.

Vanquished Creatures (collateral kills)
  A centaur warrior (D:14)
  A freezing wraith (D:14)
  4 vampire mosquitoes (D:14)
6 creatures vanquished.

Vanquished Creatures (others)
  A sphinx (Vaults:3)
  A bunyip (Swamp:2)
  2 hydras (Swamp:4)
  2 swamp dragons (Swamp:4)
  A mana viper (Snake:4)
  An ironbound convoker (Vaults:4)
  A water elemental (D:13)
  A yak (D:11)
  2 nagas (Snake:4)
  A jelly (Abyss:4)
  2 orc wizards (Orc:2)
  An ufetubus (Abyss:4)
  6 ball lightnings (D:15)
  6 foxfires
  A lurking horror (Abyss:3)
  14 starspawn tentacles
43 creatures vanquished.

Grand Total: 1440 creatures vanquished

Notes
Turn   | Place    | Note
-------+----------+-------------------------------------------
     0 | D:1      | Implojin the Armataur Conjurer began the quest for the Orb.
     0 | D:1      | Reached XP level 1. HP: 14/14 MP: 3/3
   170 | D:1      | Reached skill level 1 in Fighting
   238 | D:1      | Reached XP level 2. HP: 20/23 MP: 1/4
   346 | D:1      | Learned a level 2 spell: Searing Ray
   537 | D:2      | Reached XP level 3. HP: 28/28 MP: 3/5
   871 | D:2      | Reached skill level 5 in Conjurations
   871 | D:2      | Reached XP level 4. HP: 29/35 MP: 3/6
   960 | D:3      | Noticed Ijyb
  1010 | D:2      | Learned a level 4 spell: Iskenderun's Mystic Blast
  1144 | D:3      | Reached skill level 1 in Translocations
  1288 | D:4      | Reached XP level 5. HP: 36/40 MP: 8/8
  1576 | D:4      | Reached XP level 6. HP: 42/48 MP: 6/9
  1902 | D:5      | Entered Level 5 of the Dungeon
  2002 | D:5      | Found a staircase to the Ecumenical Temple.
  2011 | Temple   | Entered the Ecumenical Temple
  2030 | Temple   | Became a worshipper of Vehumet
  2154 | D:5      | Gained mutation: You regenerate magic and health when
                  | rolling toward enemies. (Rampage Regen) [Armataur growth]
  2154 | D:5      | Reached XP level 7. HP: 15/56 MP: 4/10
  2196 | D:5      | Noticed Menkaure
  2204 | D:5      | Killed Menkaure
  2278 | D:6      | Reached * piety under Vehumet
  2278 | D:6      | Offered knowledge of Shock by Vehumet.
  2279 | D:6      | Reached XP level 8. HP: 63/63 MP: 7/11
  2282 | D:6      | Found a blossoming altar of Fedhas.
  2434 | D:8      | Offered knowledge of Freeze by Vehumet.
  2438 | D:8      | Noticed Erica
  2472 | D:8      | Found a snail-covered altar of Cheibriados.
  2497 | D:8      | Reached ** piety under Vehumet
  2503 | D:8      | Found a stormy altar of Qazlal.
  2540 | D:8      | Learned a level 4 spell: Fulminant Prism
  2550 | D:8      | Noticed a gargoyle
  2579 | D:8      | Killed a gargoyle
  2580 | D:8      | Reached XP level 9. HP: 24/69 MP: 15/15
  2662 | D:8      | Reached skill level 10 in Conjurations
  2662 | D:8      | Found a shadowy altar of Dithmenos.
  2806 | D:9      | Reached skill level 5 in Fighting
  2818 | D:9      | Noticed a centaur warrior
  2977 | D:9      | Reached skill level 5 in Translocations
  3014 | D:10     | Entered Level 10 of the Dungeon
  3014 | D:10     | Noticed a komodo dragon
  3042 | D:8      | Noticed Psyche
  3048 | D:8      | Killed Psyche
  3119 | D:9      | Found a hide-covered altar of Uskayaw.
  3150 | D:9      | Identified a scroll of acquirement
  3151 | D:9      | Acquired a +2 barding of cold resistance
  3176 | D:9      | Identified the +1 rapier of Prescription {venom, Dex+4}
  3199 | D:9      | Offered knowledge of Hailstorm by Vehumet.
  3403 | D:10     | Reached XP level 10. HP: 78/83 MP: 13/16
  3469 | D:10     | Found a white marble altar of Elyvilon.
  3479 | D:10     | Noticed Lodul
  3482 | D:10     | Reached skill level 5 in Armour
  3482 | D:10     | Reached skill level 1 in Evocations
  3487 | D:10     | Killed Lodul
  3489 | D:10     | Reached *** piety under Vehumet
  3560 | D:11     | Offered knowledge of Flame Wave by Vehumet.
  3586 | D:11     | Reached **** piety under Vehumet
  3587 | D:11     | Noticed a manticore
  3603 | D:11     | Killed a manticore
  3618 | D:11     | Found a staircase to the Orcish Mines.
  3641 | D:11     | Found a staircase to the Lair.
  3676 | D:11     | Noticed a boulder beetle
  3692 | D:11     | Killed a boulder beetle
  3858 | D:11     | Offered knowledge of Arcjolt by Vehumet.
  3859 | D:11     | Reached XP level 11. HP: 89/89 MP: 3/17
  3897 | D:11     | Found a runed translucent gate.
  3898 | D:11     | Found a runed translucent gate.
  3899 | D:11     | Found a runed translucent gate.
  3899 | D:11     | Noticed a minotaur
  3899 | D:11     | Noticed ggggg's ghost (journeyman TrSh)
  3940 | D:11     | Noticed a boulder beetle
  3949 | D:11     | Killed a boulder beetle
  4084 | Lair:1   | Entered Level 1 of the Lair of Beasts
  4128 | Lair:1   | Identified the +7 war axe "Pitush" {elec, *Rage Str+3
                  | Int+2}
  4161 | Lair:1   | Reached ***** piety under Vehumet
  4172 | Lair:1   | Reached skill level 10 in Translocations
  4176 | Lair:1   | Reached skill level 1 in Short Blades
  4181 | Lair:1   | Offered knowledge of Conjure Ball Lightning by Vehumet.
  4244 | Lair:2   | Noticed a seven-headed hydra
  4256 | Lair:2   | Noticed a six-headed hydra
  4258 | Lair:2   | Killed a seven-headed hydra
  4348 | Lair:1   | Reached skill level 5 in Spellcasting
  4384 | Lair:1   | Reached XP level 12. HP: 90/96 MP: 16/19
  4395 | Lair:2   | Found a staircase to the Swamp.
  4459 | Lair:1   | Noticed a boulder beetle
  4495 | Lair:1   | Killed a boulder beetle
  4636 | Lair:2   | Learned a level 6 spell: Conjure Ball Lightning
  4847 | Lair:3   | Noticed a six-headed hydra
  4856 | Lair:3   | Killed a six-headed hydra
  5000 | Lair:3   | Offered knowledge of Orb of Destruction by Vehumet.
  5011 | Lair:3   | Learned a level 7 spell: Orb of Destruction
  5054 | Lair:3   | Found a dark tunnel.
  5062 | Volcano  | Entered a volcano
  5296 | Volcano  | Found a burning altar of Makhleb.
  5299 | Volcano  | Reached XP level 13. HP: 65/107 MP: 25/25
  5325 | Volcano  | Found a radiant altar of Vehumet.
  5507 | Lair:5   | Entered Level 5 of the Lair of Beasts
  5510 | Lair:5   | Reached skill level 10 in Armour
  5570 | Lair:5   | Reached skill level 10 in Fighting
  5629 | Lair:5   | Found a gate leading to a gauntlet.
  5642 | Gauntlet | Entered a Gauntlet
  5642 | Gauntlet | Found a transporter.
  5650 | Gauntlet | Found a transporter.
  5652 | Gauntlet | Found a transporter.
  5654 | Gauntlet | Found a transporter.
  5669 | Gauntlet | Found a transporter.
  5685 | Gauntlet | Found a transporter.
  5689 | Gauntlet | Found a large runed translucent door.
  5689 | Gauntlet | Found a large runed translucent door.
  5691 | Gauntlet | Found a large runed translucent door.
  5691 | Gauntlet | Found a large runed translucent door.
  5691 | Gauntlet | Found a large runed translucent door.
  5692 | Gauntlet | Found a runed translucent door.
  5693 | Gauntlet | Found a transporter.
  5694 | Gauntlet | Found a runed translucent door.
  5695 | Gauntlet | Found a large runed translucent door.
  5695 | Gauntlet | Found a large runed translucent door.
  5695 | Gauntlet | Found a large runed translucent door.
  5696 | Gauntlet | Found a large runed translucent door.
  5697 | Gauntlet | Found a large runed translucent door.
  5702 | Gauntlet | Found a large runed translucent door.
  5702 | Gauntlet | Found a large runed translucent door.
  5703 | Gauntlet | Found a large runed translucent door.
  5703 | Gauntlet | Found a large runed translucent door.
  5703 | Gauntlet | Found a large runed translucent door.
  5703 | Gauntlet | Found a large runed translucent door.
  5707 | Gauntlet | Found a runed translucent gate.
  5707 | Gauntlet | Found a runed translucent gate.
  5707 | Gauntlet | Found a runed translucent gate.
  5709 | Gauntlet | Found a transporter.
  5728 | Gauntlet | Found a transporter.
  5747 | Gauntlet | Found a transporter.
  5756 | Gauntlet | Found a transporter.
  5775 | Gauntlet | Found a transporter.
  5780 | Gauntlet | Found a transporter.
  5780 | Gauntlet | Found a transporter.
  5795 | Gauntlet | Found a transporter.
  5800 | Gauntlet | Found a transporter.
  5840 | Gauntlet | Found a transporter.
  5871 | Gauntlet | Found a transporter.
  5999 | Gauntlet | Identified the +1 helmet of Squeaky Curiosity {Will+ Int+3}
  6017 | Gauntlet | Identified the staff of Viny Responsibility {rPois rF+
                  | Int+4 Fire}
  6017 | Gauntlet | Noticed a minotaur
  6053 | Gauntlet | Killed a minotaur
  6157 | Lair:5   | Got an earthy gem with 2470 turns to spare
  6303 | Lair:5   | Found a staircase to the Slime Pits.
  6394 | Lair:5   | Offered knowledge of Ozocubu's Refrigeration by Vehumet.
  6693 | Lair:2   | Reached XP level 14. HP: 114/121 MP: 20/26
  6715 | Lair:2   | Reached skill level 1 in Shields
  6737 | Lair:2   | Reached ****** piety under Vehumet
  6904 | Orc:1    | Entered Level 1 of the Orcish Mines
  6956 | Orc:1    | Found a transporter.
  6959 | Orc:1    | Noticed blexxed's ghost (journeyman DsFi)
  6961 | Orc:1    | Found a transporter.
  6971 | Orc:1    | Offered knowledge of Lee's Rapid Deconstruction by Vehumet.
  6980 | Orc:1    | Reached skill level 5 in Shields
  7133 | Orc:2    | Entered Level 2 of the Orcish Mines
  7147 | Orc:2    | Noticed an orc warlord
  7152 | Orc:2    | Found Ycocsy's Antique Armour Shoppe.
  7152 | Orc:2    | Found Nuen's Book Shoppe.
  7168 | Orc:2    | Found a staircase to the Elven Halls.
  7186 | Orc:2    | Killed an orc warlord
  7236 | Orc:2    | Found Nephoef's Antique Weapon Emporium.
  7238 | Orc:2    | Found Dunocus's Assorted Antiques.
  7279 | Orc:2    | Bought a scroll of identify for 78 gold pieces
  7279 | Orc:2    | Bought a scroll of identify for 78 gold pieces
  7280 | Orc:2    | Bought a book of the Senses for 600 gold pieces
  7820 | D:11     | Killed ggggg's ghost
  7863 | D:12     | Noticed Urug
  7874 | D:12     | Killed Urug
  8039 | D:13     | Found a blossoming altar of Fedhas.
  8207 | D:13     | Found a portal to a secret trove of treasure.
  8231 | D:13     | Noticed Jorgrun
  8236 | D:13     | Offered knowledge of Fireball by Vehumet.
  8252 | D:13     | Killed Jorgrun
  8253 | D:13     | Reached XP level 15. HP: 134/134 MP: 27/27
  8373 | D:14     | Noticed Nessos
  8403 | D:15     | Entered Level 15 of the Dungeon
  8459 | D:15     | Noticed Vochiuc's ghost (adept DEFE)
  8486 | D:15     | Found a runed translucent gate.
  8486 | D:15     | Found a runed translucent gate.
  8486 | D:15     | Found a runed translucent gate.
  8515 | D:15     | Killed Vochiuc's ghost
  8616 | D:15     | Found a staircase to the Depths.
  8637 | D:15     | Got a smoky gem with 4184 turns to spare
  8686 | D:14     | Killed Nessos
  8717 | D:14     | Found Radyases's Antique Armour Emporium.
  8721 | D:14     | Bought an embroidered cloak for 285 gold pieces
  8810 | D:14     | Learned a level 5 spell: Fireball
  8924 | D:13     | Found a gate to the Vaults.
  8932 | D:13     | Offered knowledge of Iskenderun's Battlesphere by Vehumet.
  9102 | Lair:2   | Found a staircase to the Snake Pit.
  9114 | Snake:1  | Entered Level 1 of the Snake Pit
  9170 | Snake:1  | Learned a level 5 spell: Iskenderun's Battlesphere
  9316 | Snake:1  | Reached skill level 10 in Spellcasting
  9363 | Snake:1  | Found a runed translucent door.
  9363 | Snake:1  | Noticed AutarchDCSS's ghost (adept HOFi)
  9475 | Snake:2  | Identified the +6 short sword of Theory {protect, rElec
                  | Will- Int+4 Dex+2}
  9488 | Snake:2  | Offered knowledge of Eringya's Noxious Bog by Vehumet.
  9582 | Snake:3  | Reached skill level 10 in Shields
  9582 | Snake:3  | Reached XP level 16. HP: 145/146 MP: 30/30
  9586 | Snake:3  | Found Hayraod's Magic Scroll Shoppe.
  9598 | Snake:3  | Bought a scroll of revelation for 127 gold pieces
  9598 | Snake:3  | Bought a scroll of fear for 68 gold pieces
  9598 | Snake:3  | Bought a scroll of fog for 68 gold pieces
  9598 | Snake:3  | Bought a scroll of blinking for 127 gold pieces
  9617 | Snake:3  | Bought a scroll of identify for 34 gold pieces
  9617 | Snake:3  | Bought a scroll of identify for 34 gold pieces
  9617 | Snake:3  | Bought a scroll of identify for 34 gold pieces
  9633 | Snake:4  | Entered Level 4 of the Snake Pit
  9725 | Snake:4  | Identified the serpent talisman of Cueto {Str+3}
  9725 | Snake:4  | Noticed Aizul
  9848 | Snake:4  | Killed Aizul
  9955 | Snake:4  | Got a jade gem with 1554 turns to spare
  9957 | Snake:4  | Got a serpentine rune of Zot
 10249 | Snake:2  | Offered knowledge of Lehudib's Crystal Spear by Vehumet.
 10249 | Snake:2  | Offered knowledge of Shatter by Vehumet.
 10249 | Snake:2  | Offered knowledge of Maxwell's Capacitive Coupling by
                  | Vehumet.
 10279 | Snake:2  | Reached skill level 15 in Fighting
 10498 | Swamp:1  | Entered Level 1 of the Swamp
 10601 | Swamp:1  | Noticed Frances
 10615 | Swamp:1  | Killed Frances
 10756 | Swamp:2  | Reached skill level 15 in Conjurations
 10756 | Swamp:2  | Reached XP level 17. HP: 154/156 MP: 30/33
 10940 | Swamp:4  | Entered Level 4 of the Swamp
 10944 | Swamp:4  | Noticed Mlioglotl
 10965 | Swamp:4  | Killed Mlioglotl
 11057 | Swamp:4  | Noticed a tentacled monstrosity
 11068 | Swamp:4  | Killed a tentacled monstrosity
 11091 | Swamp:4  | Noticed the 27-headed Lernaean hydra
 11101 | Swamp:4  | Killed the 27-headed Lernaean hydra
 11168 | Swamp:4  | Got a mossy gem with 1113 turns to spare
 11170 | Swamp:4  | Got a decaying rune of Zot
 11396 | Slime:1  | Entered Level 1 of the Pits of Slime
 11399 | Slime:2  | Noticed an acid blob
 11410 | Slime:2  | Killed an acid blob
 11506 | Slime:4  | Noticed an acid blob
 11506 | Slime:4  | Noticed an acid blob
 11517 | Slime:4  | Killed an acid blob
 11522 | Slime:4  | Killed an acid blob
 11533 | Slime:5  | Entered Level 5 of the Pits of Slime
 11543 | Slime:5  | Paralysed by a formless jellyfish for 1 turns
 11544 | Slime:5  | Noticed an acid blob
 11553 | Slime:5  | Reached skill level 15 in Armour
 11566 | Slime:5  | Killed an acid blob
 11569 | Slime:5  | Noticed an acid blob
 11579 | Slime:5  | Noticed the Royal Jelly
 11580 | Slime:5  | Killed an acid blob
 11584 | Slime:5  | Noticed an acid blob
 11584 | Slime:5  | Noticed an acid blob
 11586 | Slime:5  | Noticed an acid blob
 11587 | Slime:5  | Killed an acid blob
 11587 | Slime:5  | Noticed an acid blob
 11591 | Slime:5  | Noticed an acid blob
 11591 | Slime:5  | Noticed an acid blob
 11597 | Slime:5  | Killed an acid blob
 11600 | Slime:5  | Killed an acid blob
 11604 | Slime:5  | Killed an acid blob
 11605 | Slime:5  | Killed the Royal Jelly
 11612 | Slime:5  | Noticed an acid blob
 11621 | Slime:5  | Noticed an acid blob
 11622 | Slime:5  | Killed an acid blob
 11626 | Slime:5  | Noticed an acid blob
 11629 | Slime:5  | Noticed an acid blob
 11630 | Slime:5  | Noticed an acid blob
 11647 | Slime:5  | Noticed an acid blob
 11649 | Slime:5  | Found the +7 Spriggan's Knife {stab, EV+4 Stlth+}
 11671 | Slime:5  | Killed an acid blob
 11678 | Slime:5  | Got Zareje's Vademecum on the Voyage and Company
 11714 | Slime:5  | Paralysed by a formless jellyfish for 1 turns
 11718 | Slime:5  | Paralysed by a formless jellyfish for 1 turns
 11741 | Slime:5  | Killed an acid blob
 11749 | Slime:5  | Killed an acid blob
 11750 | Slime:5  | Reached XP level 18. HP: 148/163 MP: 34/34
 11776 | Slime:5  | Got Sif Muna's Guide on the Sphinx and Snow
 11786 | Slime:5  | Got a slimy rune of Zot
 11787 | Slime:5  | Identified the ring "Vedum" {Wiz rC++ Str+3 Dex+3}
 11789 | Slime:5  | Identified the amulet of Xeddusol {Acrobat rF- rC+++ rN+}
 11793 | Slime:5  | Got a starry gem with 194 turns to spare
 11813 | Slime:5  | Identified the +2 leather armour of Taediah {Stlth+}
 11830 | Slime:5  | Identified the +9 dagger of Foahaav {venom, rC+ Int+3 SInv}
 11831 | Slime:5  | Identified the staff of the Traitor {Fly rF+ Str+8 Int-3
                  | SInv Fire}
 11907 | Lair:5   | Learned a level 6 spell: Starburst
 12117 | Depths:1 | Entered Level 1 of the Depths
 12150 | Depths:1 | Found a gateway to Hell.
 12221 | Depths:4 | Entered Level 4 of the Depths
 12316 | Depths:4 | Noticed a lich
 12327 | Depths:4 | Killed a lich
 12328 | Depths:4 | Reached skill level 1 in Fire Magic
 12357 | Depths:4 | Noticed a juggernaut
 12375 | Depths:4 | Killed a juggernaut
 12408 | Depths:4 | Found a one-way gateway to a ziggurat.
 12462 | Depths:4 | Found Jaenall's Book Emporium.
 12462 | Depths:4 | Found Porchahui's Jewellery Shop.
 12464 | Depths:4 | Found Qinaq's Book Emporium.
 12637 | Depths:4 | Reached skill level 5 in Fire Magic
 12637 | Depths:4 | Found a gate to the Realm of Zot.
 12652 | Depths:4 | Identified the +0 robe of Ennothrie {+Blink}
 12706 | Depths:4 | Got a midnight gem with 2406 turns to spare
 12749 | Zot:1    | Entered Level 1 of the Realm of Zot
 12753 | Zot:1    | Noticed a tentacled monstrosity
 12770 | Zot:1    | Killed a tentacled monstrosity
 12859 | Depths:2 | :rip giving up on 12k zot and going to do vaults instead
 12954 | Vaults:1 | Entered Level 1 of the Vaults
 13085 | Vaults:2 | Reached skill level 1 in Earth Magic
 13119 | Vaults:2 | Noticed Donald
 13128 | Vaults:2 | Killed Donald
 13198 | Vaults:2 | Noticed Bai Suzhen
 13205 | Vaults:2 | Reached skill level 5 in Earth Magic
 13250 | Vaults:2 | Reached XP level 19. HP: 170/170 MP: 35/35
 13257 | Vaults:2 | Killed Bai Suzhen
 13388 | Vaults:3 | Paralysed by a sphinx for 2 turns
 13499 | Vaults:3 | Found Onipp's Armour Boutique.
 13508 | Vaults:3 | Bought a scarf of resistance for 416 gold pieces
 13572 | Vaults:2 | Reached skill level 10 in Earth Magic
 13612 | Vaults:5 | Entered Level 5 of the Vaults
 13622 | Vaults:5 | Noticed a golden dragon
 13832 | Vaults:4 | Identified the +0 leather armour "Daaffux" {rC+}
 14057 | Vaults:4 | Found a flickering gateway to a bazaar.
 14073 | Bazaar   | Entered a bazaar
 14087 | Bazaar   | Found Woosoet's Weapon Shoppe.
 14104 | Bazaar   | Found Kieri's Jewellery Shoppe.
 14122 | Bazaar   | Found Maumacil's Distillery.
 14122 | Bazaar   | Found Omaetoqe's General Store.
 14179 | Bazaar   | Bought the +7 chain mail of Refuge {Str+3} for 844 gold
                  | pieces
 14185 | Bazaar   | Bought a potion of cancellation for 120 gold pieces
 14185 | Bazaar   | Bought a potion of brilliance for 60 gold pieces
 14185 | Bazaar   | Bought a potion of curing for 45 gold pieces
 14344 | Vaults:5 | Reached XP level 20. HP: 143/180 MP: 36/36
 14401 | Vaults:5 | Noticed a dread lich
 14435 | Vaults:5 | Identified the +6 great mace "Dagg" {spect, rPois rN+ MP+9}
 14482 | Vaults:5 | Acquired the amulet "Agheup" {Fly Regen+ Dex+6}
 14506 | Vaults:5 | Found Iweysef's Assorted Antiques.
 14552 | Vaults:5 | Identified the +8 mace "Jiesips" {venom, ^Fragile rC+ rCorr
                  | Str+3}
 14559 | Vaults:5 | Identified the +10 quarterstaff of Valiance {antimagic,
                  | ^Fragile Dex+5}
 14590 | Vaults:5 | Identified the +8 spear of Immorality {speed, rN++}
 14604 | Abyss:2  | Cast into level 2 of the Abyss (a deep elf sorcerer)
 14617 | Abyss:2  | Found a corrupted altar of Lugonu.
 14687 | Abyss:2  | Found a corrupted altar of Lugonu.
 15031 | Abyss:3  | Found a corrupted altar of Lugonu.
 15149 | Abyss:3  | Found a corrupted altar of Lugonu.
 15193 | Abyss:3  | Got an abyssal rune of Zot
 15272 | Abyss:3  | Found a corrupted altar of Lugonu.
 15277 | Abyss:3  | Noticed a pearl dragon
 15300 | Abyss:3  | Killed a pearl dragon
 15437 | Abyss:3  | Noticed a bone dragon
 15445 | Abyss:3  | Killed a bone dragon
 15899 | Abyss:4  | :asdsfdsfgadfgsdfgsdfgsdfgsdfg
 16028 | Abyss:4  | :how many turns did this abyss wall stuck just cost me :<>
                  | ERROR: string above had unterminated tag
 16362 | Vaults:5 | Escaped the Abyss
 16550 | Vaults:5 | Identified the +7 arbalest of Purpose {elec, rElec Str+4
                  | Dex-5}
 16759 | Vaults:5 | Reached XP level 21. HP: 171/172 MP: 37/37
 16813 | Vaults:5 | Got the Volume of the Evil Ground
 16849 | Vaults:5 | Identified the +2 trident "Siecror" {antimagic, *Slow rF+
                  | rN+}
 16867 | Vaults:5 | Killed a golden dragon
 16968 | Vaults:5 | Learned a level 8 spell: Lehudib's Crystal Spear
 16987 | Vaults:5 | Identified the staff "Umuhasch" {Int+8 Earth}
 16993 | Vaults:5 | Bought a scroll of identify for 70 gold pieces
 16993 | Vaults:5 | Bought a potion of mutation for 280 gold pieces
 16993 | Vaults:5 | Bought a pair of runed gloves for 262 gold pieces
 17032 | Vaults:5 | Killed a dread lich
 17195 | Vaults:5 | Got a shining gem with 1377 turns to spare
 17197 | Vaults:5 | Got a silver rune of Zot
 17200 | Vaults:5 | Identified the staff of Prudence {*Corrode +Blink rC+ Str+4
                  | Int+2 Tloc Ice}
 17204 | Vaults:5 | Identified the staff "Pyco" {rElec rC+ Air}
 17282 | Vaults:5 | Identified the +11 falchion of Peril {holy, rF+ Str+3}
 17698 | Depths:4 | Bought a ring of protection from fire for 350 gold pieces
 18054 | Zot:1    | Killed from afar by a white draconian stormcaller

Illustrated notes

...#.## ......##
...<...# ### ##
...^..######## #.# ..#
......##.....###.###..
....)..#.<..)##...#.# #
...#)........##.....#..#
..###.........#.........
.# ##..........@.......
# ##.§≈≈.........#...
##.≈≈.........#
##≈≈...÷........
##.............≈
##.........≈≈≈.
##........≈≈..
##........≈§§


Turn 12859 on Depths:2: :rip giving up on 12k zot and going to do vaults instead
### #@# ### Turn 15899 on Abyss:4: :asdsfdsfgadfgsdfgsdfgsdfgsdfg ### #.###
#...# #@.## #### Turn 16028 on Abyss:4: :how many turns did this abyss wall
stuck just cost me :<

Levels and vault maps discovered:
D:1:      saegor_arrival_simple_d, layout_basic, serial_rivers,
          chequers_serial_rivers_small_a, chequers_serial_rivers_room_a,
          chequers_serial_rivers_large_a, chequers_serial_rivers_room_a,
          chequers_serial_rivers_small_b
D:2:      layout_loops_ring, ebering_ecumenical_altar_abandoned
D:3:      layout_basic, minmay_misc_feat_iff, uniq_ijyb
D:4:      nicolae_cairo_tiling_very_big, layout_loops_ring
D:5:      layout_loops_corners, minmay_temple_entry_waves,
          gammafunk_ghost_grave, uniq_grinder, uniq_menkaure
D:6:      layout_basic, marbit_many_paths, mainiacjoe_overflow_chevrons
D:7:      minmay_the_grid_octo_tiled_octocenter [minmay_the_grid_octo_chip,
          minmay_the_grid_octo_concentric, minmay_the_grid_octo_focus,
          minmay_the_grid_octo_vomiting_pacman,
          minmay_the_grid_octo_prize_square_snowflake,
          minmay_the_grid_square_5x5_minivault, minmay_the_grid_square_5x5_v,
          minmay_the_grid_square_5x5_checkered_sparse,
          minmay_the_grid_square_5x5_six], layout_basic,
          lemuel_zombie_altar_kikubaaqudgha,
          mainiacjoe_overflow_surrounded_room, uniq_joseph, uniq_pikel,
          uniq_jeremiah
D:8:      layout_basic, slow_altar_1, grunt_dithmenos_smoke_and_mirrors,
          amcnicky_altar_gilded, uniq_psyche, uniq_erica
D:9:      layout_basic, regret_index_temple_of_mockery,
          nicolae_uskayaw_dance_studio
D:10:     layout_grid_maze, elyvilon_altar_3, minivault_5,
          nicolae_fountain_basement, uniq_lodul
D:11:     layout_basic, erik_lair_orcish_takeover, hiddenorc2_lemuel,
          maelrawn_ghost_gauntlet_escape
D:12:     nooodl_glass_maze, layout_rooms, uniq_maurice, uniq_azrael, uniq_urug
D:13:     layout_rooms, david_vaults_1, serial_bayou, serial_bayou_pond_a,
          serial_bayou_pond_b, serial_bayou_lake_a, serial_bayou_pond_d,
          nicolae_trove_entry_isolated, fedhas_bush_and_centaur_altar,
          uniq_jorgrun
D:14:     layout_layer_cave, serial_shops, shop, grunt_decor_one_mirror,
          serial_bayou_pond_d, uniq_nessos
D:15:     gammafunk_depths_entry_grave, layout_loops_cross, gammafunk_ghost_icy,
          regret_index_xom_buried_treasure
Temple:   nicolae_temple_ecumenical_triangle
Lair:1:   layout_loops_ring
Lair:2:   kb_forest_paths, layout_regular_city, minmay_swamp_entry_reptiles,
          nicolae_snake_entry_squirm, st_stairs_6, lemuel_fruit_tree,
          lemuel_fruit_fields
Lair:3:   layout_cave_pods, enter_volcano_4, serial_bayou_shore_a
Lair:4:   layout_concentric_octagons, lemuel_fruit_fields
Lair:5:   gammafunk_lair_ancient_temple, layout_regular_city,
          minmay_slime_entry_oklob_open, gauntlet_entry_generic
Swamp:1:  layout_falls_marsh, evilmike_swamp_ruin_rubble_2, swamp_pool_1_2,
          nicolae_swamp_decorative_isthmus, uniq_frances
Swamp:2:  layout_falls_marsh, evilmike_swamp_ruin_house_4, swamp_pool_1_2
Swamp:3:  layout_basic_swamp, evilmike_swamp_ruin_house_1
Swamp:4:  swamp_old_school, layout_basic_swamp, swamp_pool_1_2, uniq_mlioglotl
Snake:1:  layout_grid_shapes, gammafunk_ghost_grave
Snake:2:  layout_layer_cave, nicolae_snake_horde_hoard
Snake:3:  layout_layer_cave, serial_shops, shop, grunt_megastairs_2
Snake:4:  minmay_snake_end_coiled, layout_misc_corridors,
          nicolae_snake_gridmaze_squiggle, uniq_aizul
Slime:1:  layout_caves
Slime:2:  layout_caves
Slime:3:  cheibrodos_slime_lost_civilization_10, layout_caves
Slime:4:  layout_caves
Slime:5:  slime_pit_nicolae_amoeboid
Orc:1:    layout_caves, gammafunk_ghost_smash
Orc:2:    st_orc_mages, layout_caves
Vaults:1: ebering_ghost_reflecting_pool, v_misc_4, nicolae_vaults_turnstiles,
          nicolae_vaults_double_plus_2, nicolae_vaults_two_Ls,
          ontoclasm_vaults_shuriken, nicolae_vaults_trapezoid_3,
          vaults_room_pool, layout_vaults_omnigrid
Vaults:2: grunt_vaults_hallway_short, v_pattern_3,
          nicolae_vaults_network_square, vaults_dpeg_emergency_exit,
          minmay_crypt_entry_nasty_monster, hangedman_vaults_trim,
          nicolae_vaults_security_offices_3, nicolae_vaults_diamond_1,
          nicolae_vaults_little_squares_6, nicolae_vaults_stairing_the_circle,
          v_misc_3, nicolae_vaults_tetromino_L_2, layout_vaults_omnibox,
          serial_shops, nicolae_shop_pleasant_corner_grove, uniq_donald,
          uniq_bai_suzhen
Vaults:3: hangedman_vaults_maws, nicolae_vaults_two_Ls,
          nicolae_vaults_stepped_doors, vaults_room_fancy_cross,
          nicolae_vaults_trapezoid_lopsided_2, v_misc_17,
          nicolae_vaults_more_shelving_1, nicolae_vaults_mini_display_case,
          v_alt_pattern_5, vaults_mumra_bighexcomb,
          nicolae_vaults_ninety_degrees, nicolae_vaults_octothorpe,
          layout_vaults_maze, serial_shops, shop
Vaults:4: nicolae_vaults_lightning_bolt, vaults_mumra_chevron_long,
          ontoclasm_vaults_spin, v_rooms_5, grunt_vaults_funnel,
          nicolae_vaults_shrinking_rooms_2, v_misc_1,
          nicolae_vaults_closet_pinwheel_5, nicolae_vaults_shock_wave,
          nicolae_vaults_apartment_1, nicolae_vaults_trapezoid_2,
          nicolae_vaults_double_plus_2, layout_vaults_big_cross, serial_shops,
          bzr_firewalk
Vaults:5
Depths:1: layout_gridville, kennysheep_crisscross, hell_entry,
          hangedman_abyss_entry_splay, serial_sigils_hangedman_etch,
          minmay_st_funbox, kennysheep_generic_room_10,
          kennysheep_random_hallway
Depths:2: nicolae_herringbone, layout_cave_pools, hell_entry,
          chequers_serial_rivers_large_b, rand_demon_pan_entry_5,
          infiniplex_staircase_zigzag_4
Depths:3: gammafunk_mikee_crab_dinner, layout_gridlike, grunt_hell_horde,
          abyss_entry, infiniplex_staircase_pool_2
Depths:4: evilmike_zot_entry_basic, layout_gridlike, enter_ziggurat_e,
          minmay_hedge_maze, hangedman_tar_grid_catacomb, minmay_shop_grove
Zot:1:    layout_onion, skrybe_zot_glass_1, grunt_megastairs_3

Skill      XL: |  1  2  3  4  5  6  7  8  9 10 11 12 13 14 15 16 17 18 19 20 21 |
---------------+----------------------------------------------------------------+-----
Fighting       | 1 2 3 6 8 10 12 14 15 16 17 | 17.0
Conjurations   | 4 5 6 7 9 10 12 13 15 16 17 18 | 18.4
Spellcasting   | 2 4 5 8 10 12 | 12.0
Translocations | 1 3 4 6 10 | 10.0
Armour         | 2 5 8 10 15 17 18 | 18.8
Evocations     | 4 |  4.0
Short Blades   | 4 |  4.0
Shields        | 7 10 12 | 12.0
Dodging        | 3 |  3.5
Fire Magic     | 8 |  8.0
Earth Magic    | 6 11 | 11.0
Stealth        | |  2.1

Action                     |  1- 3 |  4- 6 |  7- 9 | 10-12 | 13-15 | 16-18 | 19-21 || total
---------------------------+-------+-------+-------+-------+-------+-------+-------++-------
  Melee: Short sword       |    31 |     5 |       |       |       |       |       ||    36
         Tailslap          |     6 |     9 |     9 |    25 |    27 |    29 |    37 ||   142
         Dagger            |       |    25 |    55 |       |       |       |       ||    80
         Rapier            |       |       |     2 |    95 |       |       |       ||    97
         Punch             |       |       |       |     5 |     2 |       |       ||     7
         Staff             |       |       |       |    14 |   120 |   120 |   128 ||   382
  Throw: Throwing net      |       |     2 |     2 |       |     2 |       |     1 ||     7
   Cast: Magic Dart        |    73 |    71 |       |     8 |     2 |     1 |     1 ||   156
         Searing Ray       |     2 |    10 |       |       |       |       |       ||    12
         Iskenderun's Myst |       |     7 |   115 |   209 |   441 |   522 |   554 ||  1848
         Orb of Destructio |       |       |       |       |     4 |    21 |    61 ||    86
         Iskenderun's Batt |       |       |       |       |       |     2 |       ||     2
         Starburst         |       |       |       |       |       |     1 |     2 ||     3
         Lehudib's Crystal |       |       |       |       |       |       |     2 ||     2
  Evoke: Wand              |       |       |     4 |     7 |     9 |       |       ||    20
    Use: Scroll            |     3 |     5 |     9 |     3 |    15 |    16 |    12 ||    63
         Potion            |     3 |     1 |     3 |     3 |     8 |    13 |     8 ||    39
   Stab: Sleeping          |     1 |     2 |     3 |     2 |     1 |       |       ||     9
         Held in net/web   |       |       |     1 |       |       |       |       ||     1
 Armour: Robe              |    44 |    76 |   118 |   260 |     1 |       |       ||   499
         Leather armour    |       |       |       |       |   582 |   561 |   185 ||  1328
         Ring mail         |       |       |       |       |       |    92 |       ||    92
         Chain mail        |       |       |       |       |       |       |   268 ||   268
  Dodge: Dodged            |    37 |    61 |    53 |   113 |   127 |    83 |    65 ||   539
  Block: Buckler           |       |       |       |       |    35 |       |       ||    35
         Kite shield       |       |       |       |       |   113 |       |       ||   113
         Tower shield      |       |       |       |       |    29 |   388 |   386 ||   803
         Reflection        |       |       |       |       |       |       |    54 ||    54
